Map: [ESL] Waterfall

Players

Future - Winner!

  • Race: Terran Terran
  • Spawn Location: 1:00

PattyMac

  • Race: Protoss Protoss
  • Spawn Location: 7:00

Event: DreamHack SC2 Masters 2022 Atlanta (Online)

VOD

Have the link to the VOD?

Description

Time

  • Played on: Oct. 9, 2022, 3:34 p.m.
  • Length: 12:24

All games in this series

Show
View Real Time Build Order
Export as new Build Order

Future Terran - Winner!

Build Orders: Liberator Opening 

Get SALT Encoding   

  12  0:00  SCV  
  13  0:12  SCV  
  14  0:17  Supply Depot  
  14  0:24  SCV  
  15  0:38  SCV  
  15  0:40  Barracks  
  16  0:43  Refinery  
  16  0:50  SCV  
  16  0:53  Refinery  
  17  1:03  SCV  
  18  1:15  SCV  
  19  1:27  Reaper, Orbital Command  
  19  1:29  Supply Depot  
  20  1:42  Factory  
  20  1:52  SCV  
  21  1:59  Barracks Reactor  
  21  2:05  SCV  
  22  2:17  SCV  
  22  2:20  Command Center  
  23  2:29  SCV  
  24  2:31  Starport  
  24  2:36  Marine  
  24  2:37  Marine  
  25  2:41  SCV  
  27  2:46  Supply Depot  
  27  2:49  Widow Mine  
  29  2:54  SCV  
  30  3:01  Marine  
  31  3:07  Marine  
  31  3:10  Medivac  
  34  3:14  SCV  
  35  3:23  Marine  
  35  3:24  Widow Mine  
  35  3:25  Marine  
  38  3:28  SCV  
  38  3:32  Orbital Command  
  39  3:40  Marine  
  40  3:42  SCV  
  40  3:43  Marine  
  40  3:47  Factory Tech Lab  
  40  3:48  Liberator  
  45  3:50  Orbital Command  
  45  3:54  SCV  
  45  3:55  Supply Depot  
  46  3:59  Marine  
  46  4:01  Marine  
  48  4:06  SCV  
  48  4:08  Siege Tank  
  52  4:16  SCV  
  53  4:18  SCV  
  53  4:20  Marine x2  
  51  4:28  SCV  
  51  4:30  SCV  
  49  4:38  Marine x2  
  45  4:40  SCV, Siege Tank  
  45  4:41  Medivac  
  45  4:42  SCV  
  52  4:52  SCV  
  53  4:55  SCV  
  53  4:59  Marine  
  54  5:00  Barracks, Marine  
  54  5:02  Barracks  
  54  5:04  SCV  
  58  5:07  SCV  
  58  5:09  Supply Depot  
  58  5:12  Viking  
  60  5:16  SCV  
  60  5:18  Marine x2  
  60  5:19  SCV  
  62  5:24  Supply Depot  
  62  5:26  Factory Tech Lab  
  62  5:30  SCV  
  62  5:31  SCV  
  62  5:33  Supply Depot  
  61  5:35  Marine  
  61  5:36  Marine  
  61  5:39  Refinery  
  61  5:41  Engineering Bay  
  63  5:46  SCV x2  
  63  5:47  Starport Reactor  
  65  5:53  Supply Depot, Refinery, Marine x2  
  65  5:54  Factory Reactor  
  67  5:57  Stimpack, Combat Shield  
  61  6:06  SCV x2  
  61  6:07  Marauder x2  
  63  6:19  Marine x2  
  64  6:29  Marauder x2  
  66  6:37  Marine x2  
  68  6:40  Medivac x2  
  68  6:45  Widow Mine x2  
  76  6:50  Supply Depot, Marauder x2  
  76  6:51  Supply Depot  
  80  6:54  Marine  
  80  6:55  Terran Infantry Weapons Level 1, Marine  
  82  7:01  Missile Turret  
  82  7:03  Missile Turret  
  82  7:11  Marauder  
  82  7:12  Marauder, Marine x2  
  88  7:21  Medivac x2  
  92  7:30  Marine  
  92  7:31  Supply Depot x2, Marine  
  92  7:33  Marauder x2  
  92  7:35  Widow Mine  
  100  7:37  Concussive Shells  
  100  7:39  Widow Mine  
  102  7:50  Marine  
  103  7:58  Marauder x2  
  104  8:03  SCV x2  
  104  8:04  Medivac, Widow Mine  
  104  8:05  Medivac, Widow Mine  
  114  8:09  Supply Depot  
  114  8:12  Marine  
  114  8:13  Supply Depot, Marine  
  114  8:15  Command Center  
  113  8:22  Marauder x2  
  106  8:30  Marine x2  
  106  8:33  Widow Mine x2  
  102  8:34  SCV  
  102  8:35  SCV  
  102  8:40  Medivac x2  
  112  8:48  Marauder x2  
  112  8:49  Terran Infantry Armor Level 1  
  112  8:51  Marine x2  
  112  8:59  Barracks x2  
  104  9:10  Marauder x2  
  104  9:15  Widow Mine  
  106  9:20  Marine  
  106  9:22  Bunker, Marine  
  106  9:23  Widow Mine  
  110  9:26  Missile Turret  
  110  9:30  Orbital Command  
  112  9:31  Marauder  
  112  9:32  SCV  
  112  9:33  SCV  
  112  9:37  Marauder  
  116  9:49  Barracks Reactor, Barracks Tech Lab  
  118  9:53  Marauder  
  118  9:57  Marine  
  118  9:58  Marauder, Marine  
  118  9:59  Widow Mine  
  118  10:00  SCV, Widow Mine  
  118  10:05  Medivac  
  117  10:14  Marauder x2  
  117  10:19  Marauder, Marine x2  
  121  10:23  Widow Mine  
  121  10:26  Marine x2  
  127  10:28  Widow Mine  
  127  10:35  Marauder x2  
  131  10:37  Marine  
  131  10:41  Marauder  
  134  10:43  Armory  
  134  10:44  Engineering Bay  
  130  10:52  SCV  
  130  10:53  SCV x2  
  130  10:57  Marauder x2  
  135  10:59  Marine x4  
  135  11:02  Widow Mine, Marauder  
  135  11:03  Widow Mine  
  149  11:14  SCV x2  
  149  11:17  SCV  
  149  11:18  Marauder x2  
  156  11:21  Marine x3  
  156  11:22  Marine  
  156  11:25  Command Center  
  156  11:27  Marauder  
  156  11:29  Supply Depot  
  156  11:30  Supply Depot  
  158  11:39  Marauder x2, Marine  
  160  11:44  Marine  
  160  11:45  Marine  
  160  11:46  Widow Mine x2  
  161  11:48  Marauder  
  157  11:55  Marine  
  157  12:01  Marauder x2  
  161  12:03  Marine x2  
  161  12:05  Ghost Academy  
Show
View Real Time Build Order
Export as new Build Order

PattyMac Protoss 

Build Orders: 1 Gate Expand, Blink Stalkers 

Get SALT Encoding   

  12  0:00  Probe  
  13  0:12  Probe  
  14  0:17  Pylon  
  14  0:24  Probe (Chrono Boost)  
  16  0:36  Probe (Chrono Boost), Gateway  
  16  0:43  Probe (Chrono Boost)  
  16  0:45  Assimilator  
  17  0:51  Probe  
  18  1:00  Gateway  
  18  1:04  Probe  
  19  1:23  Cybernetics Core  
  19  1:36  Nexus  
  19  1:44  Pylon  
  19  1:47  Probe  
  20  1:59  Adept (Chrono Boost)  
  23  2:02  Warp Gate  
  23  2:05  Adept (Chrono Boost), Probe  
  25  2:10  Assimilator  
  25  2:17  Probe  
  25  2:21  Adept (Chrono Boost)  
  28  2:26  Adept  
  30  2:31  Probe  
  31  2:48  Twilight Council, Probe  
  31  2:50  Probe  
  33  2:55  Adept  
  35  3:03  Probe  
  36  3:09  Probe  
  36  3:12  Robotics Facility  
  37  3:17  Probe  
  38  3:23  Probe  
  39  3:28  Blink (Chrono Boost)  
  39  3:34  Probe  
  39  3:36  Pylon  
  39  3:37  Probe (Chrono Boost)  
  39  3:41  Gateway  
  42  3:49  Probe (Chrono Boost)  
  42  3:51  Probe (Chrono Boost)  
  42  3:54  Stalker  
  45  3:58  Probe (Chrono Boost)  
  45  4:00  Probe (Chrono Boost)  
  45  4:01  Observer  
  48  4:03  Probe  
  48  4:05  Stalker  
  48  4:08  Pylon  
  51  4:16  Probe  
  52  4:18  Probe  
  48  4:30  Probe  
  47  4:35  Probe, Stalker  
  48  4:42  Probe  
  49  4:49  Warp Prism (Chrono Boost)  
  51  4:55  Assimilator  
  51  5:00  Probe  
  51  5:01  Stalker  
  51  5:06  Stalker  
  56  5:17  Pylon  
  56  5:19  Probe  
  57  5:29  Probe  
  57  5:31  Probe  
  58  5:39  Stalker x3  
  58  5:41  Nexus  
  64  5:53  Probe  
  59  6:11  Stalker x3  
  53  6:26  Probe  
  53  6:27  Charge (Chrono Boost), Probe  
  53  6:31  Gateway  
  53  6:32  Gateway  
  55  6:34  Forge  
  55  6:35  Stalker x2  
  55  6:37  Stalker  
  55  6:39  Probe  
  61  6:48  Probe  
  61  6:51  Probe, Pylon  
  63  6:55  Gateway  
  63  6:56  Gateway  
  63  6:58  Immortal (Chrono Boost), Gateway  
  63  7:00  Probe  
  64  7:05  Probe  
  64  7:06  Stalker  
  64  7:08  Probe  
  72  7:14  Probe  
  73  7:23  Zealot x2  
  73  7:24  Probe  
  73  7:28  Observer (Chrono Boost)  
  79  7:33  Zealot x3  
  79  7:36  Protoss Ground Weapons Level 1 (Chrono Boost)  
  85  7:46  Immortal (Chrono Boost)  
  89  7:53  Zealot x2  
  89  7:58  Zealot x6  
  81  8:03  Stalker x2  
  81  8:20  Zealot x6  
  81  8:38  Stalker x2  
  81  8:40  Stalker x4  
  92  8:42  Probe  
  93  8:49  Pylon  
  93  8:50  Assimilator  
  93  8:53  Assimilator, Pylon  
  93  8:57  Dark Shrine  
  93  8:59  Pylon  
  75  9:11  Zealot x4  
  75  9:12  Zealot  
  75  9:15  Zealot x2  
  75  9:16  Zealot  
  87  9:20  Robotics Facility  
  87  9:22  Shield Battery  
  87  9:27  Pylon  
  87  9:34  Shield Battery  
  87  9:35  Stalker x3  
  87  9:36  Protoss Ground Armor Level 1 (Chrono Boost)  
  87  9:38  Sentry  
  91  9:47  Zealot x2  
  92  9:55  Zealot x2  
  84  10:00  Zealot x2  
  82  10:11  Dark Templar  
  82  10:12  Dark Templar  
  74  10:16  Immortal  
  74  10:19  Shield Battery  
  66  10:22  Zealot  
  68  10:31  Dark Templar  
  68  10:33  Zealot x2  
  70  10:42  Stalker x2  
  71  10:54  Zealot x4  
  71  10:55  Zealot  
  77  11:03  Pylon  
  77  11:04  Immortal  
  77  11:10  Dark Templar  
  83  11:12  Stalker  
  83  11:16  Zealot  
  87  11:19  Probe x2  
  87  11:20  Probe  
  87  11:23  Dark Templar  
  92  11:31  Zealot x2  
  96  11:39  Stalker x2  
  88  11:43  Zealot x2  
  80  11:47  Observer  
  80  11:50  Zealot  
  80  11:53  Zealot x2  
  75  12:02  Stalker x2  
  75  12:03  Zealot  
  77  12:10  Gateway  
  77  12:14  Zealot x3  
Tags
 
Add a new tag
Caveats
  • Supply blocks, unpowered buildings, or Contaminate may cause inaccurate times.
  • Supply counts are checked every 10 seconds.